Map: Cerulean Fall LE

Players

Harstem - Winner!

  • Race: Protoss Protoss
  • League: Master
  • Spawn Location: 7:00

ShoWTimE

  • Race: Protoss Protoss
  • Spawn Location: 1:00

Event: HomeStory Cup XVIII

VOD

Have the link to the VOD?

Description

Time

  • Played on: Nov. 22, 2018, 11:27 a.m.
  • Length: 18:03

All games in this series

Show
View Real Time Build Order
Export as new Build Order

Harstem Protoss - Winner!

Build Orders: Phoenix Opening, Zealot Archon 

Get SALT Encoding   

  12  0:01  Probe  
  13  0:13  Probe  
  14  0:18  Pylon  
  14  0:25  Probe  
  15  0:33  Probe  
  15  0:39  Gateway  
  15  0:41  Probe  
  16  0:48  Assimilator  
  17  0:51  Probe  
  17  0:56  Assimilator  
  18  0:59  Probe  
  19  1:07  Probe  
  19  1:08  Gateway  
  19  1:18  Probe  
  21  1:26  Cybernetics Core  
  21  1:30  Probe  
  22  1:35  Pylon  
  22  1:42  Probe  
  23  1:54  Probe  
  24  2:03  Sentry, Stalker, Warp Gate  
  28  2:13  Probe  
  29  2:16  Pylon  
  29  2:36  Probe  
  30  2:37  Stalker  
  30  2:39  Phoenix, Sentry  
  34  2:52  Nexus  
  34  2:58  Probe  
  35  3:07  Stalker  
  35  3:10  Probe  
  38  3:15  Pylon  
  38  3:21  Forge  
  38  3:23  Probe  
  39  3:31  Probe  
  39  3:39  Probe  
  40  3:43  Robotics Facility  
  40  3:46  Protoss Ground Weapons Level 1  
  41  3:50  Probe  
  42  3:58  Probe  
  42  4:01  Probe  
  43  4:06  Probe  
  43  4:09  Probe  
  44  4:11  Adept  
  44  4:12  Adept  
  50  4:18  Probe  
  50  4:19  Probe  
  52  4:25  Pylon  
  52  4:28  Assimilator  
  52  4:30  Assimilator, Probe  
  53  4:31  Probe  
  53  4:38  Twilight Council  
  54  4:42  Probe  
  55  4:47  Probe  
  55  4:49  Immortal  
  55  4:50  Stalker  
  58  4:56  Probe  
  58  4:59  Pylon  
  63  5:02  Probe  
  64  5:08  Gateway  
  64  5:12  Gateway  
  64  5:15  Probe  
  64  5:19  Probe  
  64  5:20  Pylon  
  66  5:22  Charge  
  66  5:31  Protoss Ground Weapons Level 2  
  66  5:32  Stalker  
  66  5:35  Probe  
  69  5:37  Pylon  
  65  5:54  Templar Archives  
  65  5:55  Warp Prism  
  67  6:01  Pylon  
  67  6:04  Zealot x2, Sentry  
  72  6:25  Probe  
  72  6:33  Gateway  
  72  6:35  Gateway  
  72  6:39  High Templar x2  
  76  6:40  High Templar x2  
  76  6:41  Nexus, Probe  
  76  6:44  Archon x2  
  81  6:48  Probe  
  81  6:51  Immortal  
  82  6:59  Pylon  
  87  7:04  Gateway  
  87  7:05  Gateway  
  87  7:07  Probe x2  
  88  7:20  Probe  
  87  7:24  High Templar  
  87  7:25  High Templar, Zealot x2  
  87  7:29  Probe  
  96  7:31  Immortal  
  96  7:34  Archon  
  96  7:35  Zealot  
  102  7:43  Zealot  
  104  7:47  Zealot x2  
  106  7:55  Zealot  
  106  8:01  Zealot x4  
  106  8:03  Zealot  
  108  8:10  Zealot  
  100  8:17  Zealot x2  
  98  8:26  Zealot x3  
  94  8:32  High Templar  
  94  8:33  High Templar x3  
  96  8:37  Archon  
  96  8:42  Nexus  
  96  8:45  High Templar x2  
  96  8:46  Zealot x2  
  102  8:51  Pylon, Archon  
  102  8:52  Archon  
  102  8:56  Pylon  
  102  9:15  High Templar x2  
  102  9:16  Zealot x4  
  115  9:20  Archon  
  115  9:23  Zealot x2  
  116  9:35  Probe  
  95  9:42  Probe  
  95  9:43  Zealot x4  
  96  9:50  Zealot x2  
  90  9:56  Zealot  
  90  9:58  Probe  
  87  10:00  Probe  
  87  10:02  Zealot  
  87  10:05  High Templar, Protoss Shields Level 1  
  87  10:06  High Templar  
  92  10:07  High Templar x2  
  92  10:12  Archon  
  92  10:13  Archon  
  96  10:17  Probe  
  96  10:18  Assimilator  
  96  10:19  Zealot  
  99  10:24  Assimilator  
  99  10:36  Zealot x3  
  99  10:42  Pylon, Zealot  
  107  10:47  Stalker  
  105  10:58  Probe  
  105  10:59  Probe  
  105  11:01  Robotics Bay, High Templar x2  
  105  11:02  Zealot  
  113  11:07  Zealot  
  113  11:10  Archon  
  113  11:13  Zealot  
  113  11:14  Shield Battery, Zealot  
  117  11:20  High Templar  
  117  11:21  High Templar  
  117  11:24  Shield Battery, Zealot  
  117  11:25  Archon  
  123  11:33  Observer  
  123  11:39  Probe  
  124  11:40  Photon Cannon  
  124  11:41  Photon Cannon  
  125  11:52  Zealot x4, Observer  
  125  11:53  Zealot  
  135  12:00  Zealot x2  
  132  12:05  Probe  
  132  12:06  Zealot x2  
  114  12:20  Zealot  
  114  12:21  Probe  
  110  12:25  Zealot  
  111  12:31  Probe  
  111  12:34  Probe  
  113  12:38  Zealot x3  
  113  12:43  Zealot  
  119  12:47  Zealot  
  119  12:50  Probe  
  122  12:53  Probe  
  122  12:54  Disruptor  
  129  13:06  High Templar x2  
  129  13:09  Pylon  
  129  13:11  Archon  
  129  13:12  Photon Cannon  
  130  13:25  Dark Shrine  
  130  13:26  Photon Cannon  
  130  13:34  Disruptor  
  130  13:38  Zealot x3  
  136  13:48  Protoss Ground Weapons Level 3  
  139  13:49  Probe  
  138  14:06  Zealot  
  138  14:07  Zealot x2  
  138  14:09  Disruptor  
  126  14:27  Probe  
  126  14:31  High Templar x5, Photon Cannon  
  133  14:32  Shield Battery, High Templar  
  133  14:35  Pylon  
  133  14:37  Pylon, Archon x3  
  139  15:01  Disruptor  
  139  15:03  Dark Templar x2  
  139  15:04  Dark Templar  
  138  15:08  Dark Templar  
  138  15:11  Dark Templar, Zealot  
  144  15:17  Pylon  
  144  15:20  Pylon  
  144  15:22  High Templar x2  
  144  15:27  Archon  
  144  16:00  Dark Templar, Zealot x3  
  146  16:05  High Templar x2  
  146  16:06  Dark Templar x2  
  142  16:13  Archon x2  
  142  16:14  Nexus  
  140  16:21  Disruptor  
  140  16:29  Dark Templar  
  140  16:30  Zealot x2  
  130  16:55  Immortal  
  130  16:56  Zealot x5  
  130  16:57  Zealot x2  
  125  17:13  Probe  
  119  17:19  High Templar x2, Zealot x2  
  119  17:20  Zealot x2  
  131  17:24  Archon  
  117  17:39  Zealot x2  
  117  17:41  Zealot  
  117  17:42  Zealot x3  
  104  17:51  Dark Templar x2  
Show
View Real Time Build Order
Export as new Build Order

ShoWTimE Protoss 

Build Orders: Phoenix Opening, Zealot Archon 

Get SALT Encoding   

  12  0:00  Probe  
  13  0:12  Probe  
  14  0:18  Pylon  
  14  0:24  Probe  
  15  0:32  Probe  
  15  0:38  Gateway  
  15  0:40  Probe  
  16  0:46  Assimilator  
  17  0:50  Probe  
  17  0:54  Assimilator  
  18  0:58  Probe  
  19  1:06  Probe  
  20  1:13  Gateway  
  20  1:17  Probe  
  20  1:25  Cybernetics Core  
  21  1:29  Probe  
  22  1:36  Pylon  
  22  1:41  Probe  
  23  1:54  Probe  
  24  2:02  Sentry, Stalker, Warp Gate  
  28  2:12  Pylon  
  28  2:31  Probe  
  28  2:33  Stalker  
  28  2:36  Phoenix  
  31  2:44  Probe  
  31  2:45  Nexus  
  31  2:52  Probe  
  32  2:59  Stalker  
  32  3:02  Probe  
  35  3:13  Pylon  
  35  3:15  Probe  
  36  3:23  Probe  
  36  3:31  Probe  
  36  3:33  Robotics Facility  
  38  3:42  Probe  
  38  3:44  Forge  
  39  3:53  Probe  
  39  3:54  Probe  
  40  4:01  Probe  
  41  4:05  Sentry  
  41  4:06  Probe  
  41  4:07  Protoss Ground Weapons Level 1  
  41  4:09  Warp Prism  
  45  4:11  Probe  
  45  4:13  Phoenix  
  46  4:18  Probe  
  46  4:23  Probe  
  50  4:27  Adept  
  50  4:28  Adept  
  50  4:30  Probe  
  55  4:34  Pylon  
  55  4:35  Probe  
  56  4:42  Shield Battery, Probe  
  57  4:47  Probe  
  58  4:54  Assimilator, Probe  
  58  4:56  Adept x2  
  58  4:57  Assimilator  
  64  5:00  Probe  
  64  5:04  Observer  
  64  5:05  Twilight Council  
  64  5:06  Probe  
  66  5:10  Pylon  
  66  5:12  Probe  
  67  5:18  Probe, Immortal  
  68  5:21  Shield Battery  
  72  5:31  Pylon  
  71  5:36  Pylon  
  71  5:43  Gateway  
  71  5:44  Gateway  
  71  5:45  Protoss Ground Weapons Level 2  
  71  5:51  Charge  
  71  5:53  Gateway  
  71  6:01  Gateway  
  71  6:03  Gateway  
  71  6:05  Pylon  
  71  6:07  Immortal  
  69  6:31  Gateway, Templar Archives  
  69  6:33  Gateway  
  69  6:38  Warp Prism  
  69  6:43  Pylon  
  69  6:45  Nexus  
  70  7:01  Pylon, Zealot x4  
  78  7:08  High Templar x3  
  78  7:11  Pylon  
  78  7:13  Archon  
  84  7:22  Shield Battery  
  84  7:23  Pylon  
  84  7:26  High Templar  
  84  7:27  Zealot x3  
  92  7:32  Archon  
  92  7:40  Zealot  
  94  7:48  Zealot x5  
  94  7:51  Zealot  
  98  8:00  Pylon  
  98  8:01  Zealot x2  
  86  8:13  Zealot x3  
  86  8:17  Zealot  
  79  8:30  Probe  
  79  8:31  Probe x2  
  79  8:39  Probe x3  
  85  8:49  Probe x3  
  85  8:51  High Templar x2  
  85  8:53  High Templar x2  
  96  8:55  Archon  
  96  8:57  Archon  
  96  9:00  Probe x2  
  96  9:01  Probe  
  99  9:07  High Templar x4  
  99  9:08  Probe x2  
  107  9:13  Archon x2  
  107  9:15  Pylon  
  112  9:26  Zealot x4  
  95  9:43  Zealot x3  
  95  9:47  Zealot x3  
  95  9:48  Zealot x2  
  77  10:05  High Templar x4  
  85  10:09  Archon x2  
  85  10:11  Zealot x2  
  85  10:12  Shield Battery, Zealot x2  
  93  10:19  Dark Shrine  
  93  10:34  Pylon  
  93  10:37  Pylon  
  93  10:54  Nexus, High Templar x4  
  93  10:55  Pylon  
  101  10:59  Archon x2  
  101  11:03  Pylon  
  101  11:04  Observer  
  102  11:13  Zealot x3  
  108  11:21  Pylon  
  108  11:35  Zealot x3  
  108  11:38  Dark Templar  
  114  11:41  Dark Templar  
  113  11:54  Zealot x2  
  113  12:08  Pylon  
  105  12:10  Pylon  
  105  12:12  Protoss Ground Weapons Level 3  
  105  12:13  Dark Templar x2  
  87  12:26  Immortal  
  85  12:31  Zealot  
  85  12:32  Zealot x4  
  97  12:55  High Templar x2  
  97  12:56  Zealot x5, Probe  
  109  13:01  Archon  
  109  13:04  Probe  
  110  13:06  Zealot  
  110  13:11  Assimilator  
  113  13:14  Probe  
  113  13:15  Assimilator  
  113  13:17  High Templar x2, Zealot  
  120  13:21  Archon  
  120  13:26  Probe  
  119  13:38  Probe  
  120  13:41  Pylon  
  120  13:42  Stargate  
  120  13:44  Dark Templar  
  120  13:45  Zealot x3  
  128  13:54  Zealot x3  
  133  14:02  Probe  
  124  14:10  Probe  
  124  14:16  Zealot x3  
  130  14:20  Phoenix, Probe  
  129  14:28  Probe  
  129  14:30  Probe  
  132  14:34  Photon Cannon  
  132  14:36  Probe  
  133  14:38  Phoenix  
  133  14:43  Stargate  
  136  14:47  Probe  
  136  14:50  Zealot  
  139  14:56  Phoenix  
  139  14:59  Probe  
  142  15:09  Observer  
  142  15:11  Probe  
  142  15:13  Phoenix  
  146  15:22  High Templar x4  
  146  15:23  Zealot, Probe  
  146  15:24  Pylon, Zealot  
  146  15:28  Archon x2  
  159  15:30  Zealot  
  159  15:31  Zealot  
  163  15:44  Zealot x2  
  163  15:47  Photon Cannon  
  168  15:58  Zealot x2  
  156  16:35  Photon Cannon  
  125  16:51  Zealot x2  
  98  17:04  Photon Cannon  
  98  17:20  High Templar x2  
  102  17:23  Archon  
  82  17:40  Zealot  
  79  17:47  Zealot  
Tags
 
Add a new tag
Caveats
  • Supply blocks, unpowered buildings, or Contaminate may cause inaccurate times.
  • Supply counts are checked every 10 seconds.